 Dungeon Crawl Stone Soup version 0.19-a0-835-gf140595 (webtiles) character file.

336 Implojin the Carver (level 6, -3/51 HPs)
             Began as a Minotaur Fighter on June 30, 2016.
             Was an Initiate of Okawaru.
             Slain by a mummy (13 damage)
             ... in an ossuary.
             The game lasted 00:05:26 (911 turns).

Implojin the Carver (Minotaur Fighter)               Turns: 911, Time: 00:05:26

Health: -3/51      AC:  6    Str: 21    XL:     6   Next: 28%
Magic:  5/5        EV:  4    Int:  5    God:    Okawaru [......]
Gold:   81         SH:  0    Dex: 11    Spells: 0 memorised, 5 levels left

rFire  . . .     SeeInvis .     a - +0 long sword
rCold  . . .     Gourm    .     n - +0 ring mail
rNeg   . . .     Faith    .     c - +0 shield
rPois  .         Spirit   .     (helmet restricted)
rElec  .         Dismiss  .     (no cloak)
rCorr  .         Reflect  .     (no gloves)
SustAt .         Harm     .     k - +0 pair of boots
MR     .....                    (no amulet)
Stlth  +.........               (no ring)
                                (no ring)

@: held, not resistant to hostile enchantments, very unstealthy
A: retaliatory headbutt, horns 2
a: Renounce Religion


You were in an ossuary.
You worshipped Okawaru.
Okawaru was noncommittal.
You were hungry.

You visited 2 branches of the dungeon, and saw 7 of its levels.
You also visited: Ossuary.

You collected 81 gold pieces.

Inventory:

Hand Weapons
 a - a +0 long sword (weapon)
 e - a +0 falchion of holy wrath
Armour
 b - a +0 scale mail
 c - a +0 shield (worn)
 j - the cursed +1 chain mail of Ofooskai {-Cast rC+ rN+ Slay+2, unknown}
   (You found it on level 6 of the Dungeon)

   It affects your accuracy and damage with ranged weapons and melee attacks
   (+2).
   It protects you from cold.
   It protects you from negative energy.
   It prevents spellcasting.
   It has a curse placed upon it.
 k - a +0 pair of boots (worn)
 n - a +0 ring mail (worn)
Scrolls
 g - a scroll of remove curse {unknown}
 l - a scroll of enchant armour {unknown}
Comestibles
 d - a beef jerky
 f - 4 bread rations
 h - a meat ration
 i - a slice of pizza
 o - a royal jelly


   Skills:
 - Level 3.6 Fighting
 * Level 8.1 Long Blades
 - Level 3.6 Armour
 - Level 3.6 Shields


You had 5 spell levels left.
You didn't know any spells.

Dungeon Overview and Level Annotations

Branches:
Dungeon (6/15)             Temple (1/1) D:4

Altars:
Cheibriados
Dithmenos
Elyvilon
Fedhas
Kikubaaqudgha
Nemelex Xobeh
Okawaru
Pakellas
Qazlal
Ru
Sif Muna
Trog
Uskayaw
Vehumet
Xom
Yredelemnul
The Shining One


Innate Abilities, Weirdness & Mutations

You reflexively headbutt those who attack you in melee.
You have a pair of horns on your head.


Message History

Unknown command.
Unknown command.
You aren't carrying any potions.
Okay, then.
You swing at nothing.
You closely miss the mummy. Your headbutt misses the mummy.
The mummy hits you but does no damage.
You hit the mummy.
The mummy is lightly damaged.
You hit the mummy.
The mummy is moderately damaged.
You are feeling hungry.
The mummy hits you. You block the mummy's attack.
Unknown command.
You slash the mummy!
The mummy is moderately damaged.
The mummy closely misses you.
You hit the mummy but do no damage. You headbutt the mummy.
The mummy is heavily damaged.
The mummy hits you!
* * * LOW HITPOINT WARNING * * *
Unknown command.
You found an arrow trap!
You barely miss the mummy.
The mummy is heavily damaged.
You found a net trap!
An arrow hits the mummy!
You hit the mummy.
The mummy is almost destroyed.
You block the mummy's attack.
You hit the mummy but do no damage. You headbutt the mummy!
The mummy is heavily damaged.
An arrow hits the mummy!
The mummy is destroyed!
A large net falls onto you!
You become entangled in the net!
You see here a throwing net.
You struggle against the net.
You struggle against the net.
The mummy hits you!
* * * LOW HITPOINT WARNING * * *
The mummy hits you!
You die...

#########
###.....^.#+#+#+#+
##......^.M@.......
#.........M^.......
#.....∩.∩..........
#..................
##.................
###.......#+#+#+#+
#########


You could see 2 mummies.

Vanquished Creatures
  A phantom (D:4)
  The ghost of Papajoes the Ruffian, an amateur VSTm of Ashenzari (D:3)
  An iguana (D:4)
  A worker ant (D:3)
  A worker ant zombie (D:3)
  3 gnolls (D:4)
  3 adders
  A dart slug (D:3)
  A giant gecko (D:1)
  4 orcs (D:3)
  3 bats
  7 goblins
  3 hobgoblins
  13 jackals
  A ball python (D:2)
  A giant newt (D:1)
  2 rats (D:2)
47 creatures vanquished.

Vanquished Creatures (others)
  A mummy (Ossuary)
1 creature vanquished.

Grand Total: 48 creatures vanquished

Notes
Turn   | Place    | Note
--------------------------------------------------------------
     0 | D:1      | Implojin the Minotaur Fighter began the quest for the Orb.
     0 | D:1      | Reached XP level 1. HP: 19/19 MP: 0/0
    36 | D:1      | Reached skill level 3 in Long Blades
    57 | D:2      | Reached XP level 2. HP: 22/26 MP: 1/1
    96 | D:3      | Reached skill level 4 in Long Blades
    96 | D:3      | Reached XP level 3. HP: 15/31 MP: 2/2
   291 | D:3      | Reached skill level 5 in Long Blades
   293 | D:3      | Found a stormy altar of Qazlal.
   361 | D:1      | Found a sparkling altar of Nemelex Xobeh.
   390 | D:2      | Reached XP level 4. HP: 24/39 MP: 3/3
   540 | D:3      | Noticed Papajoes's ghost (amateur VSTm)
   546 | D:3      | Killed Papajoes's ghost
   546 | D:3      | Reached skill level 6 in Long Blades
   546 | D:3      | Reached XP level 5. HP: 45/45 MP: 4/4
   593 | D:4      | Found a hide-covered altar of Uskayaw.
   596 | D:4      | Noticed a hand axe
   597 | D:4      | Noticed a hand axe
   634 | D:4      | Noticed a phantom
   665 | D:4      | Reached skill level 7 in Long Blades
   711 | D:4      | Found a staircase to the Ecumenical Temple.
   716 | Temple   | Entered the Ecumenical Temple
   771 | Temple   | Became a worshipper of Warmaster Okawaru
   815 | D:4      | Killed a phantom
   815 | D:4      | Reached skill level 8 in Long Blades
   815 | D:4      | Reached XP level 6. HP: 21/51 MP: 5/5
   825 | D:5      | Entered Level 5 of the Dungeon
   842 | D:6      | Got a faintly glowing chain mail
   886 | D:6      | Found a sand-covered staircase.
   891 | Ossuary  | Entered an ossuary
   911 | Ossuary  | Slain by a mummy

Vault maps used:
D:1:      dpeg_arrival_pits, nemelex_altar_shiori
D:3:      grunt_qazlal_sundering, guppyfry_early_orc_mine
D:4:      dancing_weapons_uskayaw, nrook_loot_triangle,
          kennysheep_generic_room_13
D:5:      first_bread
D:6:      grunt_temple_overflow_order_and_chaos_2,
          nicolae_ossuary_entry_false_entrances
Temple:   nicolae_temple_elliptical
Ossuary:  ossuary_the_hunt_dpeg

Skill      XL: |  1  2  3  4  5 |
---------------+----------------+-----
Long Blades    | 3 4 5 6 8 |  8.1
Fighting       | |  3.6
Armour         | |  3.6
Shields        | |  3.6

Action                   |  1- 3 |  4- 6 || total
-------------------------+-------+-------++-------
Melee: Long sword        |    58 |    95 ||   153
       Headbutt          |     8 |    16 ||    24
  Use: Potion            |     3 |     2 ||     5
       Scroll            |       |     4 ||     4
Armor: Scale mail        |    25 |    11 ||    36
       Ring mail         |       |    10 ||    10
Dodge: Dodged            |    21 |    28 ||    49
Block: Shield            |    34 |    42 ||    76

Table legend:
 A = Turns spent in this place as a percentage of turns spent in the entire game.
 B = Non-inter-level travel turns spent in this place as a percentage of non-inter-level travel turns spent in the entire game.
 C = Inter-level travel turns spent in this place as a percentage of turns spent in this place.
 D = Turns resting spent in this place as a percentage of non-inter-level travel turns spent in this place.
 E = Turns spent auto-exploring this place as a percentage of non-inter-level travel turns spent in this place.
 F = Non-inter-level travel turns spent in this place divided by the number of levels of this place that you've seen.
                   A       B       C       D       E      F
               +-------+-------+-------+-------+-------+----------------------
         Total | 100.0 | 100.0 |   0.0 |   1.1 |   0.0 |  93.2
       Dungeon |  86.5 |  86.5 |   0.0 |   1.2 |   0.0 | 107.5
        Temple |  10.2 |  10.2 |   0.0 |   0.0 |   0.0 |  76.0
       Ossuary |   3.4 |   3.4 |   0.0 |   0.0 |   0.0 |  25.0
               +-------+-------+-------+-------+-------+----------------------

Table legend:
 A = Kills in this place as a percentage of kills in entire the game.
 B = Kills by you in this place as a percentage of kills by you in the entire game.
 C = Kills by friends in this place as a percentage of kills by friends in the entire game.
 D = Other kills in this place as a percentage of other kills in the entire game.
 E = Experience gained in this place as a percentage of experience gained in the entire game.
 F = Experience gained in this place divided by the number of levels of this place that you have seen.
                   A       B       C       D       E      F
               +-------+-------+-------+-------+-------+----------------------
         Total | 100.0 | 100.0 |  -nan | 100.0 | 100.0 |  60.0
       Dungeon |  97.9 | 100.0 |  -nan |   0.0 |  96.9 |  77.5
       Ossuary |   2.1 |   0.0 |  -nan | 100.0 |   3.1 |  15.0
               +-------+-------+-------+-------+-------+----------------------
